 Dungeon Crawl Stone Soup version 0.24-a0-170-gd8427f5 (webtiles) character file.

Game seed: 7730598481615152682

149 Borgoz the Cudgeler (level 5, -4/32 HPs)
             Began as a Gargoyle Gladiator on Mar 8, 2019.
             Killed by divine providence
             ... invoked by an orc priest
              (11 damage)
             ... on level 3 of the Dungeon.
             The game lasted 00:05:01 (2645 turns).

Borgoz the Cudgeler (Gargoyle Gladiator)            Turns: 2645, Time: 00:05:02

Health: -4/32      AC: 12    Str: 18    XL:     5   Next: 31%
Magic:  5/5        EV: 12    Int:  9    God:
Gold:   150        SH:  0    Dex: 11    Spells: 4/4 levels left

rFire    + . .     SeeInvis .   a - +0 flail
rCold    + . .     Gourm    .   (no shield)
rNeg     + . .     Faith    .   o - +3 leather armour
rPois    ∞         Spirit   .   j - +2 hat
rElec    +         Reflect  .   (no cloak)
rCorr    +         Harm     .   (no gloves)
MR       .....                  (no boots)
Stlth    +.........             (no amulet)
HPRegen  0.10/turn              (no ring)
MPRegen  0.09/turn              (no ring)

@: resistant
A: negative energy resistance 1, electricity resistance, unbreathing,
petrification resistance, rot immunity, AC +4
a: no special abilities


You were on level 3 of the Dungeon.
You were not hungry.

You visited 1 branch of the dungeon, and saw 3 of its levels.

You collected 150 gold pieces.

Inventory:

Hand Weapons
 a - a +0 flail (weapon)
 c - a +0 morningstar of protection
Missiles
 d - 3 throwing nets (quivered)
 e - 2 tomahawks
Armour
 j - a +2 hat (worn)
 o - a +3 leather armour (worn)
Scrolls
 l - a scroll of teleportation {unknown}
Potions
 g - a potion of lignification
 h - a potion of invisibility
 i - 4 potions of might
 m - a potion of magic
 q - a potion of haste
Comestibles
 f - 8 rations


   Skills:
 + Level 3.2 Fighting
 * Level 4.3 Maces & Flails
 - Level 1.7 Throwing
 + Level 2.0 Armour
 + Level 3.0 Dodging


You had 4 spell levels left.
You didn't know any spells.
Your spell library was empty.

Dungeon Overview and Level Annotations

Branches:
Dungeon (3/15)

Altars:
Zin


Innate Abilities, Weirdness & Mutations

You are resistant to torment.
Your stone body is resilient. (AC +4)
You are immune to poison.
You resist negative energy. (rN+)
You are resistant to electric shocks. (rElec)
You can survive without breathing.
You are immune to petrification.
You are immune to rotting.


Message History

The orc priest mumbles some strange prayers to Beogh against you.
Pain shoots through your body!
The orc priest mumbles some strange prayers to Beogh against you.
Beogh smites you!
* * * LOW HITPOINT WARNING * * *
You are too injured to fight recklessly!
You are too injured to fight recklessly!
You are too injured to fight recklessly!
It was a potion of resistance.
You feel protected. The orc priest barely misses you.
You hit the orc priest.
The orc priest is lightly wounded.
The orc priest hits you with a +0 flail.
* * * LOW HITPOINT WARNING * * *
You barely miss the orc priest.
The orc priest is lightly wounded.
The orc priest invokes the aid of Beogh against you.
Beogh smites you!
You die...

..[..#
##......#.(..##.#######...
.....###.....#..... ###♣♣♣♣
###. ......##.....#..###
.♣._.♣♣.#. ...(...........# ..
.......... .....##.......## .#
.........# .....##.[......##.#
.........# #######......#....
........## ######...)...##o.#
#.......## ..").÷.#.....###@#
###......# ####.........##..###
######.# ###..##......##....#
###.# ....###.##.#....##.#
##...# .##.....##..##..##.####
###..###
.##.#######...........####...##
###.# ###...##..#.#....###
###.# #......>...(#### ....#
#....###...<.##


You could see an orc priest.

Vanquished Creatures
  An orc priest (D:3)
  5 adders (D:3)
  An ooze (D:1)
  3 worms
  A dart slug (D:3)
  2 leopard geckos
  10 orcs (D:3)
  2 ball pythons
  A giant cockroach (D:2)
  3 goblins
  7 hobgoblins
  3 jackals (D:1)
  4 kobolds
  2 bats
  4 rats
49 creatures vanquished.

Notes
Turn   | Place    | Note
-------+----------+-------------------------------------------
     0 | D:1      | Borgoz the Gargoyle Gladiator began the quest for the Orb.
     0 | D:1      | Reached XP level 1. HP: 12/12 MP: 1/1
   274 | D:1      | Reached XP level 2. HP: 12/18 MP: 2/2
  1151 | D:2      | Reached skill level 1 in Armour
  1151 | D:2      | Reached XP level 3. HP: 11/22 MP: 3/3
  1903 | D:3      | Reached XP level 4. HP: 4/27 MP: 4/4
  2306 | D:3      | Reached skill level 4 in Maces & Flails
  2365 | D:3      | Reached XP level 5. HP: 25/32 MP: 5/5
  2552 | D:3      | Found a glowing silver altar of Zin.
  2645 | D:3      | Killed from afar by an orc priest

Levels and vault maps discovered:
D:1:      denvon_arrival_planthouse, layout_basic
D:2:      layout_basic
D:3:      layout_rooms, zin_academy, gup_sewer_entry_bowl

Skill      XL: |  1  2  3  4 |
---------------+-------------+-----
Armour         | 1 2 |  2.0
Fighting       | 3 |  3.2
Maces & Flails | 4 |  4.3
Dodging        | 3 |  3.0
Throwing       | |  1.7

Action                   |  1- 3 |  4- 6 || total
-------------------------+-------+-------++-------
Melee: Flail             |   101 |   105 ||   206
  Use: Potion            |     1 |     3 ||     4
       Scroll            |       |     7 ||     7
 Stab: Sleeping          |       |     1 ||     1
  Eat: Chunk             |     3 |     3 ||     6
Armor: Leather armour    |    54 |    34 ||    88
Dodge: Dodged            |    71 |    55 ||   126

Table legend:
 A = Non-vault XP
 B = Vault XP
 C = Vault XP percentage of total XP
 D = Non-vault monster count
 E = Vault monster count
 F = Vault count percentage of total count
                 A         B        C        D         E       F
            +---------+---------+-------+---------+---------+-------
      Total |     213 |       0 |   0.0 |      49 |       0 |   0.0
            +---------+---------+-------+---------+---------+-------
        D:1 |      27 |       0 |   0.0 |      12 |       0 |   0.0
        D:2 |      17 |       0 |   0.0 |       7 |       0 |   0.0
        D:3 |     169 |       0 |   0.0 |      30 |       0 |   0.0
            +---------+---------+-------+---------+---------+-------
